AoeStats
← Stanko2026

Arabian Desert

508640191Analyzed
1v1 RM · 8d ago on Sep 23, 2026· 66m 12s· 2 players
Game mode
Random Map
Map size
Tiny (2 player)
Population
200
Speed
Normal
Resources
Standard
Victory
Conquest
Starting age
Dark Age
Ending age
Imperial Age
RankedLock teamsTeams togetherTeam positionsShared explorationLock speedFull tech treeHidden civsTurbo modeCheats
Victory
Defeat
🇲🇲 Khitans · Myanmar (Burma)
830
+14
🇩🇪 Sicilians · Germany
782
-14
Stanko2026
0:27 Loom
13:48 Feudal Age
14:16 Horse Collar
14:23 Double-Bit Axe
15:06 Stone Mining
18:15 Scale Mail Armor
37:09 Castle Age
36:07 Fletching
36:17 Padded Archer Armor
37:14 Pikeman
37:19 Elite Skirmisher
40:35 Leather Archer Armor
40:16 Bodkin Arrow
40:46 Squires
40:33 Gambesons
40:08 Man-at-Arms
40:34 Arson
41:04 Gold Mining
42:09 Heavy Plow
42:42 Bow Saw
42:51 Long Swordsman
44:56 Chain Mail Armor
45:24 Gold Shaft Mining
45:24 Stone Shaft Mining
52:44 Imperial Age
54:24 Capped Ram
58:55 Hoardings
58:44 Conscription
57:47 Elite Serjeant
59:58 Halberdier
Wai-Yan-Tun
5:51 Loom
10:55 Feudal Age
11:49 Double-Bit Axe
13:58 Domestication
19:02 Forging
18:53 Scale Mail Armor
19:00 Scale Barding Armor
22:57 Fletching
29:43 Castle Age
31:16 Light Cavalry
32:44 Heavy Cavalry Archer
33:56 Thumb Ring
34:15 Padded Archer Armor
35:04 Bodkin Arrow
38:32 Iron Casting
38:17 Chain Barding Armor
38:13 Leather Archer Armor
43:10 Husbandry
43:14 Domestication
43:57 Bow Saw
48:48 Imperial Age
50:39 Gold Mining
51:45 Conscription
52:13 Ballistics
53:24 Bracer
53:55 Ring Archer Armor
54:00 Plate Barding Armor
54:00 Pastoralism
54:36 Elite Steppe Lancer
58:34 Chemistry
62:18 Two-Man Saw
61:50 Transhumance
62:33 Siege Engineers
65:10 Parthian Tactics
Connection lost

Rejoining the realm…

Still unreachable

The connection could not be restored.

Session expired

The server has moved on; the page needs a fresh start.